 Dungeon Crawl Stone Soup version 0.22-a0-409-gb855193 (webtiles) character file.

84 4thArraOfDagon the Firebug (level 4, -5/39 HPs)
             Began as an Ogre Fire Elementalist on May 10, 2018.
             Shot with an arrow by a centaur (11 damage)
             ... on level 5 of the Dungeon.
             The game lasted 00:02:39 (710 turns).

4thArraOfDagon the Firebug (Ogre Fire Elementalist)  Turns: 710, Time: 00:02:39

Health: -5/39      AC:  3    Str: 12    XL:     4   Next: 45%
Magic:  8/8        EV: 10    Int: 17    God:
Gold:   64         SH:  0    Dex:  9    Spells: 1/9 levels left

rFire    . . .     SeeInvis .   d - +0 short sword
rCold    . . .     Gourm    .   (no shield)
rNeg     . . .     Faith    .   a - +0 robe
rPois    .         Spirit   .   (helmet restricted)
rElec    .         Reflect  .   (no cloak)
rCorr    .         Harm     .   (gloves unavailable)
MR       .....                  (boots unavailable)
Stlth    +.........             (no amulet)
HPRegen  0.13/turn              f - ring of flight
MPRegen  0.11/turn              (no ring)

@: no status effects
A: large, unfitting armour, tough skin 1
a: Evoke Flight


You were on level 5 of the Dungeon.
You were not hungry.

You visited 1 branch of the dungeon, and saw 5 of its levels.

You collected 64 gold pieces.

Inventory:

Hand Weapons
 d - a +0 short sword (weapon)
Armour
 a - a +0 robe (worn)
Jewellery
 f - a ring of flight (left hand)
Scrolls
 b - 4 scrolls of identify {unknown}
 e - a scroll of immolation {unknown}
 g - 2 scrolls of remove curse {unknown}
 h - a scroll of teleportation {unknown}
 i - a scroll of magic mapping {unknown}
Comestibles
 c - 3 rations


   Skills:
 - Level 1.7 Dodging
 - Level 1.4 Stealth
 + Level 3.1 Spellcasting
 * Level 2.3 Conjurations
 * Level 3.6 Fire Magic


You had one spell level left.
You knew the following spells:

 Your Spells              Type           Power        Failure   Level  Hunger
a - Flame Tongue          Conj/Fire      ##...        4%          1    None
b - Conjure Flame         Conj/Fire      ##......     16%         3    ###....
c - Sticky Flame          Conj/Fire      ##......     45%         4    ####...


Dungeon Overview and Level Annotations

Branches:
Dungeon (5/15)
 Temple: D:4-7

Altars:

Annotations:
D:3 Ijyb


Innate Abilities, Weirdness & Mutations

You are too large for most types of armour.
You have tough skin. (AC +1)


Message History

Unknown command.
Unknown command.
An orc comes into view. It is wielding a whip.
You see here a helmet.
A centaur comes into view.
The centaur shouts!
Unknown command.
Okay, then.
The centaur wields a shortbow.
The centaur shoots an arrow.
The arrow barely misses you.
You see here an arrow.
The centaur shoots an arrow.
The arrow closely misses you.
The centaur shoots an arrow.
The arrow hits you.
You see here 2 arrows.
The centaur shoots an arrow.
The arrow hits you!
* * * LOW HITPOINT WARNING * * *
You see here an arrow.
You start resting.
The centaur shoots an arrow.
The arrow hits you!
You die...

#. . .. .. #.
...##.# .......
......c#############
.........(.(c.#...<#
........#####(#.####
........##. #@#...#
.######.##..#.###.#
#.#...#.#...#
.......[.#.##
.....(...#.#
.........#.#
...........#
.........###
.........#


You could see a centaur.

Vanquished Creatures
  A hound (D:4)
  4 adders (D:3)
  A leopard gecko (D:4)
  2 bats (D:1)
  A giant cockroach (D:2)
  A jackal (D:2)
  A ball python (D:3)
  2 frilled lizards
  4 kobolds
  2 rats
19 creatures vanquished.

Notes
Turn   | Place    | Note
-------+----------+-------------------------------------------
     0 | D:1      | 4thArraOfDagon the Ogre Fire Elementalist began the quest for the Orb.
     0 | D:1      | Reached XP level 1. HP: 16/16 MP: 3/3
    28 | D:1      | Reached skill level 1 in Conjurations
   147 | D:2      | Reached XP level 2. HP: 22/24 MP: 1/5
   280 | D:3      | Found a faded altar of an unknown god.
   312 | D:3      | Reached XP level 3. HP: 31/31 MP: 1/7
   317 | D:3      | Learned a level 3 spell: Conjure Flame
   323 | D:3      | Noticed Ijyb
   571 | D:4      | Reached XP level 4. HP: 8/39 MP: 0/8
   579 | D:4      | Learned a level 4 spell: Sticky Flame
   678 | D:5      | Entered Level 5 of the Dungeon
   699 | D:5      | Noticed a centaur
   710 | D:5      | Shot with an arrow by a centaur

Vault maps used:
D:1:      minmay_arrival_semitransparent, fountainhead, minmay_three_crescents
D:3:      lemuel_round_altar, chequers_ecumenical_altar_simple, first_ration,
          hangedman_decor_peaks_small, uniq_ijyb, uniq_robin
D:4:      old_standard_altar, grunt_qazlal_clouds, serial_glass,
          glass_columns_b, glass_columns_b, glass_columns_b, glass_columns_c,
          minmay_gold_behind_fungi, fedhas_altar_fruit_tree, uniq_eustachio
D:5:      lemuel_round_altar

Skill      XL: |  1  2  3 |
---------------+----------+-----
Conjurations   | 1 2 |  2.3
Fire Magic     | 3 |  3.6
Spellcasting   | 3 |  3.1
Dodging        | |  1.7
Stealth        | |  1.4

Action                   |  1- 3 |  4- 6 || total
-------------------------+-------+-------++-------
Melee: Short sword       |    20 |       ||    20
 Cast: Flame Tongue      |    35 |     2 ||    37
  Use: Potion            |     1 |       ||     1
Armor: Robe              |    14 |       ||    14
Dodge: Dodged            |    23 |     2 ||    25

Table legend:
 A = Spawn XP
 B = Non-spawn XP
 C = Spawn XP percentage of total XP
 D = Spawn monster count
 E = Non-spawn monster count
 F = Spawn count percentage of total count
 G = Total turns spent on level
                    A         B        C        D         E        F      G
               +---------+---------+-------+---------+---------+-------+---------
         Total |       0 |     120 |   0.0 |       0 |      19 |   0.0 |   710
               +---------+---------+-------+---------+---------+-------+---------
           D:1 |       0 |       7 |   0.0 |       0 |       5 |   0.0 |   107
           D:2 |       0 |       9 |   0.0 |       0 |       6 |   0.0 |    89
           D:3 |       0 |      55 |   0.0 |       0 |       6 |   0.0 |   256
           D:4 |       0 |      49 |   0.0 |       0 |       2 |   0.0 |   226
               +---------+---------+-------+---------+---------+-------+---------
